Stars vs Predators
Created - April 18, 2018 at 23:14
Goals
|
| Stars |
2 |
1 |
0 |
3 |
| Predators |
1 |
1 |
3 |
5 |
|
Shots
|
| Stars |
14 |
6 |
7 |
27 |
| Predators |
14 |
4 |
10 |
28 |
|
1st period
1. Stars , Greg Campbell 8 (Drew Fata 9, Matt Cooke 13) at 1:24
2. Predators , Andy Miele 17 (Justin Abdelkader 14) at 10:05
3. Stars , John Tavares 41 (Jamie Langenbrunner 1) at 17:35
Penalties :
Alexander Ovechkin (Nas) for Charging (Double Minor) at 12:22, Alexander Ovechkin (Nas) for Goalie Interference (Minor) at 18:31
2nd period
4. Stars , John Tavares 42 (Jussi Jokinen 40, Michael Grabner 22) at 5:20 (PP)
5. Predators , Mikael Granlund 15 (James Van Riemsdyk 17, Dmitri Kalinin 19) at 18:34
Penalties :
Marc Savard (Nas) for Roughing (Minor) at 5:13, James Van Riemsdyk (Nas) for Holding (Minor) at 9:20, Daniel Cleary (Dal) for Holding (Minor) at 12:00
3rd period
6. Predators , Alexander Ovechkin 44 (Marc Savard 37, Niclas Bergfors 48) at 1:00
7. Predators , Alexander Ovechkin 45 (Alexander Edler 46) at 3:10 (PP)
8. Predators , James Van Riemsdyk 15 (John Moore 20, Brett Clark 13) at 6:41
Penalties :
Boris Valabik (Dal) for Roughing (Minor) at 3:00, Evgeny Artyukhin (Dal) for Slashing (Minor) at 4:12, Evgeny Artyukhin (Dal) for Interference (Minor) at 9:22, John Moore (Nas) for Tripping (Minor) at 11:40, Viktor Fasth (Nas) for Delaying the game (Minor) at 14:47 - Adam Burish served the penalty
Goalie Stats
Pascal Leclaire (Dal), 23 saves from 28 shots - (0.821), L, 31-24-3, 60:00 minutes
Viktor Fasth (Nas), 24 saves from 27 shots - (0.889), W, 35-19-4, 60:00 minutes
Players Stats for Stars
Player Name G A P +/- PIM S H SB GA TA FO MP PP MP PK MP
------------------------------------------------------------------------------------
Boris Valabik 0 0 0 -2 2 0 2 2 0 1 0/0 13:17 0:32 0:00
Brian Lee 0 0 0 0 0 2 0 1 0 1 0/0 26:42 7:01 3:49
Daniel Cleary 0 0 0 -1 2 1 0 0 0 0 0/1 10:26 0:38 0:00
Drew Fata 0 1 1 0 0 0 2 0 0 2 0/0 17:20 0:32 3:49
Dustin Penner 0 0 0 0 0 0 2 0 0 0 0/0 11:29 0:43 2:28
Evgeny Artyukhin 0 0 0 -1 4 2 3 0 0 0 0/0 17:25 5:15 0:37
Evgeny Grachev 0 0 0 0 0 2 0 0 0 1 0/2 8:26 0:00 1:15
Greg Campbell 1 0 1 -1 0 3 0 0 0 0 5/10 12:59 0:00 3:36
Jamie Langenbrunner 0 1 1 0 0 1 1 0 0 1 0/0 7:19 0:00 0:00
John Tavares 2 0 2 0 0 6 3 1 0 0 10/23 20:18 6:09 0:39
Johnny Oduya 0 0 0 0 0 0 0 2 0 1 0/0 22:43 7:01 0:00
Jussi Jokinen 0 1 1 -1 0 2 2 1 1 0 0/0 17:43 6:09 0:19
Matt Cooke 0 1 1 -1 0 1 3 0 0 0 0/1 10:10 0:38 0:00
Michael Grabner 0 1 1 0 0 0 3 0 0 0 1/3 19:20 6:04 0:00
Nathan Paetsch 0 0 0 -2 0 2 0 2 0 1 0/0 19:57 4:29 2:18
Scott Hartnell 0 0 0 0 0 4 1 0 2 1 0/1 22:09 5:15 3:20
Trevor Daley 0 0 0 0 0 0 2 0 1 0 0/0 20:00 4:29 2:18
Tyler Seguin 0 0 0 -1 0 1 2 0 0 1 5/12 16:06 5:15 0:00
Players Stats for Predators
Player Name G A P +/- PIM S H SB GA TA FO MP PP MP PK MP
------------------------------------------------------------------------------------
Adam Burish 0 0 0 0 0 0 0 0 1 1 0/0 13:52 0:01 5:08
Alexander Edler 0 1 1 1 0 0 1 0 1 0 0/0 28:35 3:29 7:01
Alexander Ovechkin 2 0 2 1 6 4 1 0 1 0 3/6 21:34 3:14 3:18
Alexander Steen 0 0 0 0 0 1 3 0 0 1 0/0 16:55 2:42 2:55
Andy Miele 1 0 1 1 0 2 0 0 0 0 2/2 6:06 0:00 0:00
Barret Jackman 0 0 0 0 0 1 1 0 0 0 0/0 12:57 0:00 1:18
Brett Clark 0 1 1 1 0 3 1 0 0 0 0/0 17:35 0:00 4:33
Byron Bitz 0 0 0 0 0 4 2 1 1 0 0/0 16:56 2:42 3:00
Chris Lawrence 0 0 0 1 0 1 3 1 0 0 2/4 10:15 0:00 3:58
Dmitri Kalinin 0 1 1 0 0 0 1 0 0 0 0/0 13:40 2:38 0:28
James Van Riemsdyk 1 1 2 0 2 1 1 0 1 0 0/0 9:34 0:11 0:17
John Moore 0 1 1 1 2 0 0 0 1 0 0/0 19:17 2:38 3:43
Justin Abdelkader 0 1 1 1 0 1 0 1 1 0 0/0 7:11 0:11 0:00
Marc Savard 0 1 1 2 2 1 2 1 0 0 11/18 15:23 0:00 0:13
Mikael Granlund 1 0 1 -1 0 1 2 0 0 0 5/8 14:29 3:24 2:15
Niclas Bergfors 0 1 1 1 0 3 4 0 0 0 0/1 18:35 3:14 0:00
Ryan Kesler 0 0 0 0 0 5 2 0 3 0 9/14 16:56 2:42 3:00
Ryan Mcdonagh 0 0 0 1 0 0 0 0 0 2 0/0 28:03 3:29 7:01
3 Stars
1 - John Tavares (Dal)
2 - Niclas Bergfors (Nas)
3 - Andy Miele (Nas)
Power Play
Stars - 1 on 7 Attempt(s) - 14.29%
Predators - 1 on 4 Attempt(s) - 25.00%
Penalty Kill
Stars - 3 on 4 Attempt(s) - 75.00%
- Score 0 goal in Penalty Kill
Predators - 6 on 7 Attempt(s) - 85.71%
- Score 0 goal in Penalty Kill
Team Stat
Stars - Hits : 26 - Faceoff Wins : 21 - Blocked Shots : 9 - Penalty Minutes : 8
Predators - Hits : 24 - Faceoff Wins : 32 - Blocked Shots : 4 - Penalty Minutes : 14
Official
Referees : Martell Rob and Ciamaga Chris
Linesman : Mark Pare and Scott Driscoll
Game Notes
No Game Note
Finance
Level 1 -- Attendance: 6000 (100.00%) -- Ticket Income $528,000
Level 2 -- Attendance: 5000 (100.00%) -- Ticket Income $270,000
Level 3 -- Attendance: 1846 (92.30%) -- Ticket Income $62,764
Level 4 -- Attendance: 3705 (92.63%) -- Ticket Income $96,330
Luxury Box -- Attendance: 717 (71.70%) -- Ticket Income $121,890
Game was played at the Wildcat center.
Total Attendance: 17268 (95.93%)
Total Ticket Income: $1,078,984
Other Income: $161,848
Total Income: $1,240,832
Stars
5 vs 5 Forward
Center Left Wing Right Wing Time % Phy DF OF
1 John Tavares Scott Hartnell Michael Grabner 39 0 2 3
2 Tyler Seguin Jussi Jokinen Evgeny Artyukhin 27 0 2 3
3 Greg Campbell Matt Cooke Daniel Cleary 20 1 2 2
4 Evgeny Grachev Dustin Penner Jamie Langenbrunner 14 1 2 2
5 vs 5 Defense
Defense Defense Time % Phy DF OF
1 Johnny Oduya Brian Lee 40 1 2 2
2 Trevor Daley Drew Fata 30 1 2 2
3 Boris Valabik Nathan Paetsch 30 1 2 2
4 Johnny Oduya Brian Lee 0 1 2 2
PowerPlay Forward
Center Left Wing Right Wing Time % Phy DF OF
1 John Tavares Jussi Jokinen Michael Grabner 60 0 1 4
2 Tyler Seguin Scott Hartnell Evgeny Artyukhin 40 0 1 4
PowerPlay Defense
Defense Defense Time % Phy DF OF
1 Johnny Oduya Brian Lee 60 0 2 3
2 Trevor Daley Nathan Paetsch 40 0 2 3
Penalty Kill 4 Players Forward
Center Wing Time % Phy DF OF
1 Greg Campbell Scott Hartnell 60 1 3 1
2 Evgeny Grachev Dustin Penner 40 1 3 1
Penalty Kill 4 Players Defense
Defense Defense Time % Phy DF OF
1 Brian Lee Drew Fata 60 0 3 2
2 Trevor Daley Nathan Paetsch 40 0 3 2
Penalty Kill - 3 Players Forward
Forward Time % Phy DF OF
1 Scott Hartnell 60 1 4 0
2 Greg Campbell 40 1 4 0
Penalty Kill - 3 Players Defense
Defense Defense Time % Phy DF OF
1 Johnny Oduya Brian Lee 60 1 4 0
2 Trevor Daley Nathan Paetsch 40 1 4 0
4 vs 4 Forward
Center Wing Time % Phy DF OF
1 Trevor Daley Scott Hartnell 60 1 2 2
2 Greg Campbell Matt Cooke 40 1 2 2
4 vs 4 Defense
Defense Defense Time % Phy DF OF
1 Johnny Oduya Brian Lee 60 1 2 2
2 Trevor Daley Drew Fata 40 1 2 2
Last Minutes Offensive
Center Left Wing Right Wing Defense Defense
John Tavares Scott Hartnell Evgeny Artyukhin Trevor Daley Brian Lee
Last Minutes Defensive
Center Left Wing Right Wing Defense Defense
Greg Campbell Scott Hartnell Daniel Cleary Johnny Oduya Drew Fata
Goaltenders
Starting : Pascal Leclaire
Backup : Mike Brodeur
Extra Forwards
Normal : Matt Cooke, Dustin Penner, Jussi Jokinen - PP : Evgeny Artyukhin, Dustin Penner - PK : Evgeny Artyukhin
Extra Defensemen
Normal : Trevor Daley, Drew Fata, Brian Lee - PP : Drew Fata - PK : Johnny Oduya, Trevor Daley
Penalty Shots
John Tavares, Michael Grabner, Tyler Seguin, Greg Campbell, Evgeny Artyukhin
Scratches
Andrei Markov (Healthy)
Predators
5 vs 5 Forward
Center Left Wing Right Wing Time % Phy DF OF
1 Marc Savard Alexander Ovechkin Niclas Bergfors 40 1 2 2
2 Ryan Kesler Alexander Steen Byron Bitz 30 1 2 2
3 Mikael Granlund James Van Riemsdyk Adam Burish 20 1 2 2
4 Andy Miele Justin Abdelkader Chris Lawrence 10 1 2 2
5 vs 5 Defense
Defense Defense Time % Phy DF OF
1 Ryan Mcdonagh Alexander Edler 40 1 2 2
2 John Moore Brett Clark 30 1 2 2
3 Dmitri Kalinin Barret Jackman 20 1 2 2
4 Ryan Mcdonagh Alexander Edler 10 1 2 2
PowerPlay Forward
Center Left Wing Right Wing Time % Phy DF OF
1 Mikael Granlund Alexander Ovechkin Niclas Bergfors 60 1 0 4
2 Ryan Kesler Alexander Steen Byron Bitz 40 1 0 4
PowerPlay Defense
Defense Defense Time % Phy DF OF
1 Ryan Mcdonagh Alexander Edler 60 1 1 3
2 John Moore Dmitri Kalinin 40 1 1 3
Penalty Kill 4 Players Forward
Center Wing Time % Phy DF OF
1 Alexander Ovechkin Adam Burish 60 1 2 2
2 Ryan Kesler Byron Bitz 40 1 2 2
Penalty Kill 4 Players Defense
Defense Defense Time % Phy DF OF
1 Ryan Mcdonagh Alexander Edler 60 1 2 2
2 John Moore Brett Clark 40 1 2 2
Penalty Kill - 3 Players Forward
Forward Time % Phy DF OF
1 Byron Bitz 60 1 2 2
2 Adam Burish 40 1 2 2
Penalty Kill - 3 Players Defense
Defense Defense Time % Phy DF OF
1 Ryan Mcdonagh Alexander Edler 60 1 2 2
2 John Moore Brett Clark 40 1 2 2
4 vs 4 Forward
Center Wing Time % Phy DF OF
1 Alexander Ovechkin Niclas Bergfors 60 1 2 2
2 Ryan Kesler Byron Bitz 40 1 2 2
4 vs 4 Defense
Defense Defense Time % Phy DF OF
1 Ryan Mcdonagh Alexander Edler 60 1 2 2
2 John Moore Dmitri Kalinin 40 1 2 2
Last Minutes Offensive
Center Left Wing Right Wing Defense Defense
Ryan Kesler Alexander Ovechkin Niclas Bergfors Ryan Mcdonagh Alexander Edler
Last Minutes Defensive
Center Left Wing Right Wing Defense Defense
Ryan Kesler Alexander Ovechkin Niclas Bergfors Ryan Mcdonagh Alexander Edler
Goaltenders
Starting : Viktor Fasth
Backup : Chad Johnson
Extra Forwards
Normal : James Van Riemsdyk, Justin Abdelkader, Mikael Granlund - PP : James Van Riemsdyk, Justin Abdelkader - PK : Chris Lawrence
Extra Defensemen
Normal : Dmitri Kalinin, Barret Jackman, John Moore - PP : Dmitri Kalinin - PK : Barret Jackman, John Moore
Penalty Shots
Alexander Ovechkin, Niclas Bergfors, Ryan Kesler, Byron Bitz, Alexander Steen
Scratches
Kris Vernarsky (Healthy)
% Time on Ice - Stars
Lines # - Real PCT - Wanted PCT - Time Play
Normal Forward
1 - 35% - 39% - 14:39
2 - 27% - 27% - 11:28
3 - 20% - 20% - 8:33
4 - 17% - 14% - 7:11
Normal Defense
1 - 38% - 40% - 16:02
2 - 31% - 30% - 13:03
3 - 31% - 30% - 12:46
4 - 0% - 0% - 0:00
PP Forward
1 - 56% - 60% - 6:47
2 - 44% - 40% - 5:15
PP Defense
1 - 58% - 60% - 7:01
2 - 42% - 40% - 5:01
PK Forward
1 - 80% - 60% - 4:52
2 - 20% - 40% - 1:15
PK Defense
1 - 62% - 60% - 3:49
2 - 38% - 40% - 2:18
PK3 Forward
1 - 0% - 60%
2 - 0% - 40%
PK3 Defense
1 - 0% - 60%
2 - 0% - 40%
44 Forward
1 - 0% - 60%
2 - 0% - 40%
44 Defense
1 - 0% - 60%
2 - 0% - 40%
Last Minute Offensive - 0:00
Last Minute Defensive - 0:00
Total
Forward - 60:00
Defense - 60:00
|
% Time on Ice - Predators
Lines # - Real PCT - Wanted PCT - Time Play
Normal Forward
1 - 40% - 40% - 16:54
2 - 27% - 30% - 11:14
3 - 18% - 20% - 7:37
4 - 15% - 10% - 6:06
Normal Defense
1 - 41% - 40% - 17:08
2 - 33% - 30% - 13:40
3 - 22% - 20% - 9:24
4 - 4% - 10% - 1:39
PP Forward
1 - 56% - 60% - 3:25
2 - 44% - 40% - 2:42
PP Defense
1 - 57% - 60% - 3:29
2 - 43% - 40% - 2:38
PK Forward
1 - 75% - 60% - 9:02
2 - 25% - 40% - 3:00
PK Defense
1 - 59% - 60% - 7:06
2 - 41% - 40% - 4:56
PK3 Forward
1 - 0% - 60%
2 - 0% - 40%
PK3 Defense
1 - 0% - 60%
2 - 0% - 40%
44 Forward
1 - 0% - 60%
2 - 0% - 40%
44 Defense
1 - 0% - 60%
2 - 0% - 40%
Last Minute Offensive - 0:00
Last Minute Defensive - 0:00
Total
Forward - 60:00
Defense - 60:00
|
Play by Play
1st period
0:01 of 1st period - Marc Savard wins face-off versus John Tavares in neutral zone.
0:10 of 1st period - Snap shot by Scott Hartnell.
0:10 of 1st period - Stopped by Viktor Fasth with a rebound.
0:26 of 1st period - Tyler Seguin is hit by Ryan Kesler and loses puck.
0:35 of 1st period - Trevor Daley is hit by Alexander Steen and loses puck.
0:45 of 1st period - Icing by Alexander Edler.
0:46 of 1st period - Greg Campbell wins face-off versus Ryan Kesler in Predators zone.
0:55 of 1st period - Boris Valabik is hit by Alexander Steen.
1:08 of 1st period - Snap shot by Ryan Kesler.
1:08 of 1st period - Stopped by Pascal Leclaire with a rebound.
1:10 of 1st period - Slapshot by Alexander Edler.
1:10 of 1st period - Deflect By Byron Bitz.
1:10 of 1st period - Shot Misses the Net.
1:10 of 1st period - Puck is out of play.
1:11 of 1st period - Greg Campbell wins face-off versus Mikael Granlund in Stars zone.
1:20 of 1st period - Snap shot by Matt Cooke.
1:20 of 1st period - Stopped by Viktor Fasth with a rebound.
1:22 of 1st period - Wrist shot by Drew Fata.
1:22 of 1st period - Shot Misses the Net.
1:24 of 1st period - Snap shot by Greg Campbell.
1:24 of 1st period - Goal by Greg Campbell - Stars : 1 - Predators : 0.
1:25 of 1st period - Marc Savard wins face-off versus John Tavares in neutral zone.
1:34 of 1st period - Snap shot by Alexander Ovechkin.
1:34 of 1st period - Shot Misses the Net.
1:42 of 1st period - Snap shot by Niclas Bergfors.
1:42 of 1st period - Stopped by Pascal Leclaire without a rebound.
1:43 of 1st period - Andy Miele wins face-off versus Tyler Seguin in Stars zone.
2:08 of 1st period - James Van Riemsdyk is hit by Boris Valabik and loses puck.
3:37 of 1st period - Snap shot by Niclas Bergfors.
3:37 of 1st period - Stopped by Pascal Leclaire with a rebound.
3:39 of 1st period - Slapshot by Brett Clark.
3:39 of 1st period - Stopped by Pascal Leclaire without a rebound.
3:40 of 1st period - Mikael Granlund wins face-off versus John Tavares in Stars zone.
3:47 of 1st period - Snap shot by James Van Riemsdyk.
3:47 of 1st period - Deflect By John Tavares.
3:47 of 1st period - Shot Misses the Net.
3:47 of 1st period - Puck is out of play.
3:48 of 1st period - Mikael Granlund wins face-off versus John Tavares in Stars zone.
4:42 of 1st period - Snap shot by Andy Miele.
4:42 of 1st period - Stopped by Pascal Leclaire with a rebound.
5:00 of 1st period - Snap shot by Jussi Jokinen.
5:00 of 1st period - Stopped by Viktor Fasth with a rebound.
5:04 of 1st period - Wrist shot by Evgeny Artyukhin.
5:04 of 1st period - Stopped by Viktor Fasth with a rebound.
5:06 of 1st period - Slapshot by Brian Lee.
5:06 of 1st period - Shot Blocked by Byron Bitz.
6:08 of 1st period - Wrist shot by Evgeny Grachev.
6:08 of 1st period - Stopped by Viktor Fasth with a rebound.
8:05 of 1st period - Snap shot by Dustin Penner.
8:05 of 1st period - Shot Blocked by Marc Savard.
8:07 of 1st period - Snap shot by Evgeny Grachev.
8:07 of 1st period - Deflect By Jamie Langenbrunner.
8:07 of 1st period - Stopped by Viktor Fasth with a rebound.
8:09 of 1st period - Snap shot by Brian Lee.
8:09 of 1st period - Shot Misses the Net.
8:11 of 1st period - Slapshot by Brian Lee.
8:11 of 1st period - Shot Misses the Net.
9:10 of 1st period - Trevor Daley is hit by Barret Jackman and loses puck.
9:17 of 1st period - Adam Burish is hit by Evgeny Artyukhin and loses puck.
9:32 of 1st period - Scott Hartnell is hit by Marc Savard and loses puck.
9:46 of 1st period - Alexander Edler is hit by Michael Grabner and loses puck.
10:01 of 1st period - Snap shot by Justin Abdelkader.
10:01 of 1st period - Stopped by Pascal Leclaire without a rebound.
10:02 of 1st period - Andy Miele wins face-off versus Matt Cooke in Stars zone.
10:05 of 1st period - Snap shot by Andy Miele.
10:05 of 1st period - Goal by Andy Miele - Stars : 1 - Predators : 1.
10:06 of 1st period - John Tavares wins face-off versus Marc Savard in neutral zone.
10:19 of 1st period - Wrist shot by Marc Savard.
10:19 of 1st period - Stopped by Pascal Leclaire without a rebound.
10:20 of 1st period - John Tavares wins face-off versus Marc Savard in Stars zone.
10:54 of 1st period - Snap shot by Tyler Seguin.
10:54 of 1st period - Shot Misses the Net.
11:51 of 1st period - Snap shot by Marc Savard.
11:51 of 1st period - Shot Blocked by John Tavares.
11:53 of 1st period - Wrist shot by John Moore.
11:53 of 1st period - Deflect By Alexander Ovechkin.
11:53 of 1st period - Stopped by Pascal Leclaire with a rebound.
11:55 of 1st period - Wrist shot by Brett Clark.
11:55 of 1st period - Stopped by Pascal Leclaire without a rebound.
11:56 of 1st period - Ryan Kesler wins face-off versus Tyler Seguin in Stars zone.
11:57 of 1st period - Snap shot by Byron Bitz.
11:57 of 1st period - Stopped by Pascal Leclaire with a rebound.
11:59 of 1st period - Wrist shot by Byron Bitz.
11:59 of 1st period - Shot Blocked by Johnny Oduya.
12:05 of 1st period - Wrist shot by Byron Bitz.
12:05 of 1st period - Stopped by Pascal Leclaire with a rebound.
12:22 of 1st period - Double Minor Penalty to Alexander Ovechkin for Charging.
12:23 of 1st period - John Tavares wins face-off versus Chris Lawrence in Predators zone.
12:24 of 1st period - Slapshot by Jussi Jokinen.
12:24 of 1st period - Shot Misses the Net.
12:50 of 1st period - Snap shot by Evgeny Artyukhin.
12:50 of 1st period - Stopped by Viktor Fasth without a rebound.
12:51 of 1st period - Mikael Granlund wins face-off versus Tyler Seguin in Predators zone.
13:19 of 1st period - John Moore is hit by Jussi Jokinen and loses puck.
15:14 of 1st period - Alexander Edler is hit by Dustin Penner and loses puck.
15:52 of 1st period - Boris Valabik is hit by Brett Clark and loses puck.
16:17 of 1st period - Tyler Seguin is hit by Chris Lawrence and loses puck.
16:22 of 1st period - Penalty to Alexander Ovechkin is over, Alexander Ovechkin is back on ice.
16:30 of 1st period - Marc Savard is hit by Dustin Penner and loses puck.
16:55 of 1st period - Snap shot by Alexander Ovechkin.
16:55 of 1st period - Stopped by Pascal Leclaire without a rebound.
16:56 of 1st period - Marc Savard wins face-off versus Greg Campbell in Stars zone.
17:15 of 1st period - Snap shot by Alexander Steen.
17:15 of 1st period - Shot Blocked by Brian Lee.
17:17 of 1st period - Snap shot by Ryan Mcdonagh.
17:17 of 1st period - Deflect By Ryan Kesler.
17:17 of 1st period - Stopped by Pascal Leclaire with a rebound.
17:35 of 1st period - Wrist shot by John Tavares.
17:35 of 1st period - Goal by John Tavares - Stars : 2 - Predators : 1.
17:36 of 1st period - John Tavares wins face-off versus Marc Savard in neutral zone.
17:43 of 1st period - Snap shot by Scott Hartnell.
17:43 of 1st period - Stopped by Viktor Fasth with a rebound.
17:45 of 1st period - Wrist shot by John Tavares.
17:45 of 1st period - Shot Misses the Net.
17:47 of 1st period - Snap shot by Scott Hartnell.
17:47 of 1st period - Stopped by Viktor Fasth without a rebound.
17:48 of 1st period - Marc Savard wins face-off versus John Tavares in Predators zone.
18:05 of 1st period - Snap shot by John Tavares.
18:05 of 1st period - Stopped by Viktor Fasth without a rebound.
18:06 of 1st period - Tyler Seguin wins face-off versus Ryan Kesler in Predators zone.
18:18 of 1st period - Off-side.
18:19 of 1st period - John Tavares wins face-off versus Marc Savard in neutral zone.
18:28 of 1st period - Snap shot by John Tavares.
18:28 of 1st period - Stopped by Viktor Fasth without a rebound.
18:29 of 1st period - Marc Savard wins face-off versus John Tavares in Predators zone.
18:31 of 1st period - Minor Penalty to Alexander Ovechkin for Goalie Interference.
18:32 of 1st period - Chris Lawrence wins face-off versus John Tavares in Predators zone.
19:06 of 1st period - Ryan Kesler is hit by Evgeny Artyukhin.
19:42 of 1st period - Wrist shot by Jussi Jokinen.
19:42 of 1st period - Stopped by Viktor Fasth with a rebound.
Goals for this period are 2 for Stars vs 1 for Predators.
Shots for this period are 14 for Stars vs 14 for Predators.
2nd period
0:01 of 2nd period - Chris Lawrence wins face-off versus John Tavares in neutral zone.
0:27 of 2nd period - Byron Bitz is hit by Tyler Seguin and loses puck.
0:31 of 2nd period - Penalty to Alexander Ovechkin is over, Alexander Ovechkin is back on ice.
1:48 of 2nd period - Niclas Bergfors is hit by Jussi Jokinen and loses puck.
2:52 of 2nd period - Mikael Granlund is hit by Michael Grabner and loses puck.
3:15 of 2nd period - Slapshot by Chris Lawrence.
3:15 of 2nd period - Stopped by Pascal Leclaire without a rebound.
3:16 of 2nd period - Ryan Kesler wins face-off versus Tyler Seguin in Stars zone.
3:54 of 2nd period - Wrist shot by Scott Hartnell.
3:54 of 2nd period - Stopped by Viktor Fasth with a rebound.
4:08 of 2nd period - Snap shot by Daniel Cleary.
4:08 of 2nd period - Stopped by Viktor Fasth without a rebound.
4:09 of 2nd period - Marc Savard wins face-off versus Tyler Seguin in Predators zone.
4:23 of 2nd period - Slapshot by Alexander Ovechkin.
4:23 of 2nd period - Shot Blocked by Nathan Paetsch.
4:31 of 2nd period - Wrist shot by Alexander Ovechkin.
4:31 of 2nd period - Deflect By Marc Savard.
4:31 of 2nd period - Deflect By Jussi Jokinen.
4:31 of 2nd period - Shot Blocked by Boris Valabik.
4:31 of 2nd period - Puck is out of play.
4:32 of 2nd period - Ryan Kesler wins face-off versus Michael Grabner in Stars zone.
4:37 of 2nd period - Wrist shot by Ryan Kesler.
4:37 of 2nd period - Stopped by Pascal Leclaire with a rebound.
4:59 of 2nd period - Brett Clark is hit by Matt Cooke and loses puck.
5:04 of 2nd period - Snap shot by Matt Cooke.
5:04 of 2nd period - Shot Misses the Net.
5:06 of 2nd period - Slapshot by Nathan Paetsch.
5:06 of 2nd period - Shot Misses the Net.
5:08 of 2nd period - Wrist shot by Boris Valabik.
5:08 of 2nd period - Deflect By Daniel Cleary.
5:08 of 2nd period - Shot Misses the Net.
5:08 of 2nd period - Puck is out of play.
5:09 of 2nd period - John Tavares wins face-off versus Marc Savard in Predators zone.
5:13 of 2nd period - Minor Penalty to Marc Savard for Roughing.
5:14 of 2nd period - Michael Grabner wins face-off versus Alexander Ovechkin in Predators zone.
5:20 of 2nd period - Wrist shot by John Tavares.
5:20 of 2nd period - Goal by John Tavares - Stars : 3 - Predators : 1.
5:21 of 2nd period - Marc Savard wins face-off versus Michael Grabner in neutral zone.
5:54 of 2nd period - Brian Lee is hit by Byron Bitz and loses puck.
6:32 of 2nd period - Brett Clark is hit by Jamie Langenbrunner and loses puck.
6:53 of 2nd period - Trevor Daley is hit by Niclas Bergfors and loses puck.
7:36 of 2nd period - Greg Campbell is hit by Mikael Granlund and loses puck.
7:43 of 2nd period - Wrist shot by Mikael Granlund.
7:43 of 2nd period - Shot Misses the Net.
8:14 of 2nd period - Icing by Jamie Langenbrunner.
8:15 of 2nd period - Ryan Kesler wins face-off versus Evgeny Grachev in Stars zone.
9:20 of 2nd period - Minor Penalty to James Van Riemsdyk for Holding.
9:21 of 2nd period - John Tavares wins face-off versus Alexander Ovechkin in Predators zone.
9:23 of 2nd period - Wrist shot by John Tavares.
9:23 of 2nd period - Stopped by Viktor Fasth without a rebound.
9:24 of 2nd period - John Tavares wins face-off versus Alexander Ovechkin in Predators zone.
9:53 of 2nd period - Slapshot by Tyler Seguin.
9:53 of 2nd period - Stopped by Viktor Fasth with a rebound.
11:06 of 2nd period - Wrist shot by Alexander Steen.
11:06 of 2nd period - Stopped by Pascal Leclaire without a rebound.
11:07 of 2nd period - Tyler Seguin wins face-off versus Chris Lawrence in Stars zone.
11:20 of 2nd period - Penalty to James Van Riemsdyk is over, James Van Riemsdyk is back on ice.
11:32 of 2nd period - Barret Jackman is hit by Matt Cooke and loses puck.
11:38 of 2nd period - Off-side.
11:39 of 2nd period - Ryan Kesler wins face-off versus Greg Campbell in neutral zone.
11:54 of 2nd period - Slapshot by Alexander Steen.
11:54 of 2nd period - Shot Misses the Net.
12:00 of 2nd period - Minor Penalty to Daniel Cleary for Holding.
12:01 of 2nd period - Mikael Granlund wins face-off versus Greg Campbell in Stars zone.
14:00 of 2nd period - Penalty to Daniel Cleary is over, Daniel Cleary is back on ice.
14:14 of 2nd period - Adam Burish is hit by Evgeny Artyukhin and loses puck.
14:35 of 2nd period - John Moore is hit by John Tavares and loses puck.
15:16 of 2nd period - Ryan Mcdonagh is hit by John Tavares and loses puck.
16:12 of 2nd period - Mikael Granlund is hit by Drew Fata and loses puck.
16:23 of 2nd period - Mikael Granlund is hit by Matt Cooke and loses puck.
16:58 of 2nd period - John Moore is hit by Drew Fata and loses puck.
17:18 of 2nd period - Trevor Daley is hit by Chris Lawrence and loses puck.
17:49 of 2nd period - Dustin Penner is hit by Chris Lawrence and loses puck.
18:19 of 2nd period - Nathan Paetsch is hit by Niclas Bergfors and loses puck.
18:32 of 2nd period - Wrist shot by James Van Riemsdyk.
18:32 of 2nd period - Shot Misses the Net.
18:34 of 2nd period - Snap shot by Mikael Granlund.
18:34 of 2nd period - Goal by Mikael Granlund - Stars : 3 - Predators : 2.
18:35 of 2nd period - Marc Savard wins face-off versus John Tavares in neutral zone.
18:38 of 2nd period - John Tavares is hit by Alexander Edler and loses puck.
19:05 of 2nd period - Wrist shot by Jussi Jokinen.
19:05 of 2nd period - Shot Misses the Net.
19:23 of 2nd period - Wrist shot by Matt Cooke.
19:23 of 2nd period - Deflect By Greg Campbell.
19:23 of 2nd period - Stopped by Viktor Fasth with a rebound.
Goals for this period are 1 for Stars vs 1 for Predators.
Shots for this period are 6 for Stars vs 4 for Predators.
3rd period
0:01 of 3rd period - John Tavares wins face-off versus Marc Savard in neutral zone.
0:25 of 3rd period - Icing by Ryan Mcdonagh.
0:26 of 3rd period - Tyler Seguin wins face-off versus Ryan Kesler in Predators zone.
1:00 of 3rd period - Slapshot by Alexander Ovechkin.
1:00 of 3rd period - Goal by Alexander Ovechkin - Stars : 3 - Predators : 3.
1:01 of 3rd period - Marc Savard wins face-off versus Scott Hartnell in neutral zone.
1:16 of 3rd period - Backhand shot by John Tavares.
1:16 of 3rd period - Stopped by Viktor Fasth without a rebound.
1:17 of 3rd period - Tyler Seguin wins face-off versus Ryan Kesler in Predators zone.
1:53 of 3rd period - Backhand shot by Alexander Ovechkin.
1:53 of 3rd period - Shot Blocked by Johnny Oduya.
2:07 of 3rd period - Mikael Granlund is hit by Boris Valabik and loses puck.
2:14 of 3rd period - Wrist shot by Daniel Cleary.
2:14 of 3rd period - Shot Misses the Net.
2:30 of 3rd period - Backhand shot by Andy Miele.
2:30 of 3rd period - Shot Misses the Net.
2:32 of 3rd period - Slapshot by Justin Abdelkader.
2:32 of 3rd period - Shot Blocked by Nathan Paetsch.
2:34 of 3rd period - Slapshot by Barret Jackman.
2:34 of 3rd period - Stopped by Pascal Leclaire with a rebound.
2:46 of 3rd period - Snap shot by Alexander Steen.
2:46 of 3rd period - Shot Blocked by Jussi Jokinen.
2:48 of 3rd period - Snap shot by Byron Bitz.
2:48 of 3rd period - Stopped by Pascal Leclaire with a rebound.
2:50 of 3rd period - Snap shot by Alexander Steen.
2:50 of 3rd period - Shot Blocked by Boris Valabik.
3:00 of 3rd period - Minor Penalty to Boris Valabik for Roughing.
3:01 of 3rd period - Greg Campbell wins face-off versus Mikael Granlund in Stars zone.
3:10 of 3rd period - Slapshot by Alexander Ovechkin.
3:10 of 3rd period - Goal by Alexander Ovechkin - Stars : 3 - Predators : 4.
3:11 of 3rd period - John Tavares wins face-off versus Marc Savard in neutral zone.
3:28 of 3rd period - Snap shot by Niclas Bergfors.
3:28 of 3rd period - Stopped by Pascal Leclaire with a rebound.
3:44 of 3rd period - Snap shot by Greg Campbell.
3:44 of 3rd period - Stopped by Viktor Fasth with a rebound.
3:46 of 3rd period - Slapshot by Trevor Daley.
3:46 of 3rd period - Shot Misses the Net.
4:12 of 3rd period - Minor Penalty to Evgeny Artyukhin for Slashing.
4:13 of 3rd period - Ryan Kesler wins face-off versus Greg Campbell in Stars zone.
6:08 of 3rd period - Dmitri Kalinin is hit by Trevor Daley and loses puck.
6:12 of 3rd period - Penalty to Evgeny Artyukhin is over, Evgeny Artyukhin is back on ice.
6:25 of 3rd period - Snap shot by Jussi Jokinen.
6:25 of 3rd period - Shot Blocked by Justin Abdelkader.
6:37 of 3rd period - Wrist shot by James Van Riemsdyk.
6:37 of 3rd period - Shot Misses the Net.
6:39 of 3rd period - Wrist shot by Brett Clark.
6:39 of 3rd period - Deflect By Evgeny Artyukhin.
6:39 of 3rd period - Stopped by Pascal Leclaire with a rebound.
6:41 of 3rd period - Slapshot by John Moore.
6:41 of 3rd period - Deflect By James Van Riemsdyk.
6:41 of 3rd period - Goal by James Van Riemsdyk - Stars : 3 - Predators : 5.
6:42 of 3rd period - Marc Savard wins face-off versus John Tavares in neutral zone.
7:04 of 3rd period - Niclas Bergfors is hit by Michael Grabner.
7:20 of 3rd period - Barret Jackman is hit by Trevor Daley and loses puck.
7:33 of 3rd period - Daniel Cleary is hit by James Van Riemsdyk and loses puck.
7:59 of 3rd period - Slapshot by Evgeny Grachev.
7:59 of 3rd period - Stopped by Viktor Fasth with a rebound.
8:01 of 3rd period - Slapshot by Johnny Oduya.
8:01 of 3rd period - Shot Blocked by Chris Lawrence.
8:11 of 3rd period - Scott Hartnell is hit by Alexander Ovechkin and loses puck.
8:45 of 3rd period - Icing by Dmitri Kalinin.
8:46 of 3rd period - Greg Campbell wins face-off versus Ryan Kesler in Predators zone.
9:07 of 3rd period - Snap shot by Byron Bitz.
9:07 of 3rd period - Shot Misses the Net.
9:19 of 3rd period - Snap shot by Ryan Kesler.
9:19 of 3rd period - Stopped by Pascal Leclaire without a rebound.
9:20 of 3rd period - Tyler Seguin wins face-off versus Niclas Bergfors in Stars zone.
9:22 of 3rd period - Minor Penalty to Evgeny Artyukhin for Interference.
9:23 of 3rd period - Greg Campbell wins face-off versus Mikael Granlund in Stars zone.
9:49 of 3rd period - Scott Hartnell is hit by Ryan Kesler and loses puck.
10:18 of 3rd period - Slapshot by Dustin Penner.
10:18 of 3rd period - Shot Misses the Net.
10:30 of 3rd period - Icing by Alexander Ovechkin.
10:31 of 3rd period - Mikael Granlund wins face-off versus Greg Campbell in Predators zone.
10:43 of 3rd period - Icing by Alexander Steen.
10:44 of 3rd period - Ryan Kesler wins face-off versus Evgeny Grachev in Predators zone.
10:57 of 3rd period - Slapshot by Byron Bitz.
10:57 of 3rd period - Stopped by Pascal Leclaire with a rebound.
10:59 of 3rd period - Backhand shot by Ryan Mcdonagh.
10:59 of 3rd period - Shot Misses the Net.
11:22 of 3rd period - Penalty to Evgeny Artyukhin is over, Evgeny Artyukhin is back on ice.
11:22 of 3rd period - Brian Lee is hit by Niclas Bergfors and loses puck.
11:39 of 3rd period - Wrist shot by Brian Lee.
11:39 of 3rd period - Stopped by Viktor Fasth without a rebound.
11:40 of 3rd period - Ryan Kesler wins face-off versus Tyler Seguin in Predators zone.
11:40 of 3rd period - Minor Penalty to John Moore for Tripping.
11:41 of 3rd period - Alexander Ovechkin wins face-off versus John Tavares in Predators zone.
12:15 of 3rd period - Slapshot by Nathan Paetsch.
12:15 of 3rd period - Stopped by Viktor Fasth without a rebound.
12:16 of 3rd period - Ryan Kesler wins face-off versus Tyler Seguin in Predators zone.
12:42 of 3rd period - Alexander Ovechkin is hit by John Tavares and loses puck.
13:16 of 3rd period - Nathan Paetsch is hit by Byron Bitz and loses puck.
13:40 of 3rd period - Penalty to John Moore is over, John Moore is back on ice.
13:47 of 3rd period - Backhand shot by Brian Lee.
13:47 of 3rd period - Stopped by Viktor Fasth without a rebound.
13:48 of 3rd period - Marc Savard wins face-off versus Daniel Cleary in Predators zone.
13:50 of 3rd period - Icing by Niclas Bergfors.
13:51 of 3rd period - Alexander Ovechkin wins face-off versus John Tavares in Predators zone.
13:51 of 3rd period - Alexander Ovechkin is hit by Scott Hartnell.
14:45 of 3rd period - Wrist shot by Matt Cooke.
14:45 of 3rd period - Shot Misses the Net.
14:47 of 3rd period - Snap shot by Nathan Paetsch.
14:47 of 3rd period - Stopped by Viktor Fasth without a rebound.
14:47 of 3rd period - Minor Penalty to Viktor Fasth for Delaying the game.
14:48 of 3rd period - Alexander Ovechkin wins face-off versus John Tavares in Predators zone.
15:19 of 3rd period - Ryan Mcdonagh is hit by Tyler Seguin.
15:23 of 3rd period - Tyler Seguin is hit by Alexander Steen and loses puck.
16:47 of 3rd period - Penalty to Adam Burish is over, Adam Burish is back on ice.
18:39 of 3rd period - John Tavares is hit by Dmitri Kalinin and loses puck.
18:46 of 3rd period - Wrist shot by Ryan Kesler.
18:46 of 3rd period - Stopped by Pascal Leclaire with a rebound.
18:58 of 3rd period - Dustin Penner is hit by Marc Savard and loses puck.
19:21 of 3rd period - Drew Fata is hit by Niclas Bergfors and loses puck.
19:44 of 3rd period - John Tavares is hit by Mikael Granlund and loses puck.
Goals for this period are 0 for Stars vs 3 for Predators.
Shots for this period are 7 for Stars vs 10 for Predators.
Back to the Top